cohdb
Replays
Latest Replays
All Replays
Popular Replays
Top Player Replays
Match Explorer
How It Works
Community
CoH3 Stats
Reddit
Sign in to upload your games and track your stats! →
Sign in with Steam
Match 46869864
Unlisted
Match 46869864
Overview
Messages
Build Orders
End
Vickers Machine Gun Team
Construct Section Command Post
Selects Heavy Armor Battlegroup
Dingo Light Scout Car
Infantry Section
Infantry Section
Grenade Package
Construct Platoon Command Post
6-pounder Anti-tank Gun Team
CMP 15cwt Truck
Selects Light Vehicle Withdraw and Refit
Selects Rigorous Vehicle Training
Royal Engineer Section
Construct Company Command Post
Selects UNKNOWN (202330)
Foot Guards Section
torbjornuser
카츄사
insanepiglet
371149773
Reactive
Clavis
Konrad Curze
FLOKL
0
0
Comments
sign in to comment!
No comments posted yet!